Comets vs Devils
Created - June 7, 2023 at 20:07
Goals
|
| Comets |
0 |
3 |
0 |
0 |
0 |
3 |
| Devils |
0 |
1 |
2 |
0 |
1 |
4 |
|
Shots
|
| Comets |
10 |
22 |
7 |
5 |
0 |
44 |
| Devils |
3 |
10 |
14 |
17 |
2 |
46 |
|
1st period
No Goal
Penalties :
Maxime Macenauer (Bin) for Holding (Minor) at 0:22, Dalton Thrower (Bin) for Holding (Minor) at 5:37, Jean-Sebastien Dea (Uti) for Roughing (Minor) at 14:02
2nd period
1. Comets , Tony DeAngelo 1 (Teemu Pulkkinen 1, Jean-Sebastien Dea 1) at 7:46
2. Devils , Conor Garland 1 (Brett Seney 1, Reid Boucher 1) at 11:20
3. Comets , Daniel Zaar 1 (Andrej Nestrasil 1) at 14:56 (PP)
4. Comets , Joel Eriksson Ek 1 (Phil Di Giuseppe 1, Tony DeAngelo 1) at 19:47
Penalties :
Dan Renouf (Uti) for Diving (Minor) at 4:54, Tony DeAngelo (Uti) for Hooking (Minor) at 9:02, Darren Dietz (Bin) for Hooking (Minor) at 14:55
3rd period
5. Devils , Maxime Macenauer 1 (Ondrej Kase 1) at 0:15
6. Devils , Jonny Brodzinski 1 (Darren Dietz 1) at 9:18
Penalties :
Juuso Riikola (Uti) for Holding (Minor) at 3:17, Juuso Riikola (Uti) for Slashing (Minor) at 16:51
Overtime #1
No Goal
Penalties :
Juuso Riikola (Uti) for Holding (Minor) at 1:46, Juuso Riikola (Uti) for Cross-checking (Minor) at 4:30, Dalton Thrower (Bin) for Roughing (Minor) at 14:30
Overtime #2
7. Devils , Jonny Brodzinski 2 (Jake Bean 1, Brett Seney 2) at 2:39
Penalties :
Jonas Brodin (Uti) for Hooking (Minor) at 0:18
Goalie Stats
Thatcher Demko (Uti), 42 saves from 46 shots - (0.913), OTL, 0-0-1, 82:39 minutes
Juuse Saros (Bin), 41 saves from 44 shots - (0.932), W, 1-0-0, 82:39 minutes
Players Stats for Comets
Player Name G A P +/- PIM S H SB GA TA FO MP PP MP PK MP
------------------------------------------------------------------------------------
Adam Ollas-Mattsson 0 0 0 -1 0 0 0 2 0 0 0/0 15:24 0:00 1:06
Andrej Nestrasil 0 1 1 -1 0 1 0 0 0 0 25/43 21:53 2:53 0:16
Anton Zlobin 0 0 0 0 0 0 0 0 0 0 0/0 0:00 0:00 0:00
Brandon Biro 0 0 0 0 0 0 0 0 0 0 0/0 0:00 0:00 0:00
Curtis Lazar 0 0 0 0 0 8 3 1 1 0 0/1 20:26 3:05 0:00
Dan Renouf 0 0 0 -1 2 1 2 1 0 2 0/0 26:58 2:20 5:23
Daniel Zaar 1 0 1 -2 0 6 5 0 2 0 4/7 30:18 2:53 8:02
Daniil Miromanov 0 0 0 0 0 0 0 0 0 0 0/0 8:52 0:00 3:17
Denis Gurianov 0 0 0 -1 0 1 0 1 2 0 0/0 13:54 0:00 0:00
Gustav Lindstrom 0 0 0 -1 0 0 0 1 0 1 0/0 18:47 0:00 4:59
Jean-Sebastien Dea 0 1 1 -1 2 2 1 0 2 0 3/6 14:16 0:00 0:00
Joel Eriksson Ek 1 0 1 1 0 2 0 0 0 0 2/3 8:56 0:00 0:00
Jonas Brodin 0 0 0 -1 2 4 1 5 2 1 0/0 34:26 3:38 7:04
Juho Lammikko 0 0 0 1 0 2 1 0 0 0 0/0 8:56 0:00 0:00
Juuso Riikola 0 0 0 -1 8 2 3 3 1 1 0/0 24:59 2:20 2:49
Lane Pederson 0 0 0 0 0 0 0 0 0 0 0/1 4:07 0:00 3:41
Michael Joly 0 0 0 0 0 0 0 0 0 0 0/0 0:19 0:00 0:00
Nicolas Petan 0 0 0 0 0 3 0 0 0 0 5/15 20:26 3:05 0:00
Phil Di Giuseppe 0 1 1 0 0 2 1 1 1 0 0/0 12:38 0:00 2:26
Rasmus Asplund 0 0 0 0 0 0 0 0 0 0 0/0 0:00 0:00 0:00
Ryan Lomberg 0 0 0 0 0 2 3 3 0 0 1/1 25:37 3:05 4:39
Teemu Hartikainen 0 0 0 -1 0 4 9 0 0 0 1/5 29:39 2:53 8:01
Teemu Pulkkinen 0 1 1 -1 0 0 4 0 0 0 1/1 19:05 0:00 4:39
Tony DeAngelo 1 1 2 0 2 4 3 2 5 1 0/0 37:19 3:38 7:06
Tyler Graovac 0 0 0 0 0 0 0 0 0 0 0/0 0:00 0:00 0:00
Players Stats for Devils
Player Name G A P +/- PIM S H SB GA TA FO MP PP MP PK MP
------------------------------------------------------------------------------------
Alan Quine 0 0 0 0 0 3 0 0 0 1 7/18 25:41 7:01 1:50
Brett Seney 0 2 2 0 0 1 0 2 0 2 0/0 14:24 0:42 0:28
Christian Wolanin 0 0 0 0 0 1 2 1 1 0 0/0 28:00 6:46 2:29
Conor Garland 1 0 1 0 0 2 3 1 0 0 1/1 13:30 0:49 0:00
Cristiano Digiacinto 0 0 0 0 0 0 0 0 0 0 0/0 0:00 0:00 0:00
Dalton Thrower 0 0 0 0 4 2 1 3 1 2 0/0 25:36 6:46 0:41
Damon Severson 0 0 0 2 0 0 3 3 0 0 0/0 36:38 9:06 3:29
Darren Dietz 0 1 1 2 2 3 1 3 0 2 0/0 36:36 9:06 3:28
Eeli Tolvanen 0 0 0 1 0 2 1 0 0 1 0/0 10:40 0:00 0:00
Jake Bean 0 1 1 -1 0 0 0 2 0 0 0/0 15:34 0:00 1:49
Jonny Brodzinski 2 0 2 1 0 6 0 0 1 1 2/4 11:31 0:33 0:00
Joonas Donskoi 0 0 0 0 0 3 2 2 0 0 1/3 26:25 7:01 1:54
Mason Marchment 0 0 0 1 0 3 2 0 0 0 0/0 10:40 0:00 0:00
Maxime Macenauer 1 0 1 1 2 2 1 0 0 0 24/49 30:57 8:18 2:31
Miikka Salomaki 0 0 0 0 0 3 0 1 1 2 0/0 27:03 7:01 3:26
Ondrej Kase 0 1 1 1 0 7 3 1 0 0 0/1 28:07 8:02 0:00
Reid Boucher 0 1 1 0 0 1 0 0 0 1 2/3 12:21 0:00 0:00
Robbie Russo 0 0 0 -1 0 3 0 0 0 1 0/0 12:33 0:00 0:00
Valeri Nichushkin 0 0 0 1 0 3 1 0 2 3 4/4 30:01 8:09 1:47
Vincent Desharnais 0 0 0 1 0 0 0 0 0 0 0/0 5:28 0:00 0:00
Wyatt Kalynuk 0 0 0 1 0 1 0 0 0 0 0/0 5:28 0:00 0:00
3 Stars
1 - Jonny Brodzinski (Bin)
2 - Conor Garland (Bin)
3 - Juuse Saros (Bin)
Power Play
Comets - 1 on 4 Attempt(s) - 25.00%
Devils - 0 on 8 Attempt(s) - 0.00%
Penalty Kill
Comets - 8 on 8 Attempt(s) - 100.00%
- Score 0 goal in Penalty Kill
Devils - 3 on 4 Attempt(s) - 75.00%
- Score 0 goal in Penalty Kill
Team Stat
Comets - Hits : 36 - Faceoff Wins : 42 - Blocked Shots : 20 - Penalty Minutes : 16
Devils - Hits : 20 - Faceoff Wins : 41 - Blocked Shots : 19 - Penalty Minutes : 8
Official
Referees : Jon McIsaac and Peter MacDougall
Linesman : Steve Miller and Mark Shewchyk
Game Notes
Gustav Lindstrom is injured at 16:58 of 1st overtime period (Broken Bone (Left Ankle))
Finance
Level 1 -- Attendance: 2000 (100.00%) -- Ticket Income $70,000
Level 2 -- Attendance: 1000 (100.00%) -- Ticket Income $15,000
Total Attendance: 3000 (100.00%)
Total Ticket Income: $85,000
Other Income: $4,250
Total Income: $89,250
Comets
5 vs 5 Forward
Center Left Wing Right Wing Time % Phy DF OF
1 Andrej Nestrasil Teemu Hartikainen Daniel Zaar 40 1 2 2
2 Nicolas Petan Ryan Lomberg Curtis Lazar 30 1 2 2
3 Jean-Sebastien Dea Teemu Pulkkinen Denis Gurianov 20 1 2 2
4 Joel Eriksson Ek Phil Di Giuseppe Juho Lammikko 10 1 2 2
5 vs 5 Defense
Defense Defense Time % Phy DF OF
1 Tony DeAngelo Jonas Brodin 40 1 2 2
2 Juuso Riikola Dan Renouf 30 1 2 2
3 Adam Ollas-Mattsson Gustav Lindstrom 20 1 2 2
4 Daniil Miromanov Tony DeAngelo 10 1 2 2
PowerPlay Forward
Center Left Wing Right Wing Time % Phy DF OF
1 Andrej Nestrasil Teemu Hartikainen Daniel Zaar 60 1 2 2
2 Nicolas Petan Ryan Lomberg Curtis Lazar 40 1 2 2
PowerPlay Defense
Defense Defense Time % Phy DF OF
1 Tony DeAngelo Jonas Brodin 60 1 2 2
2 Juuso Riikola Dan Renouf 40 1 2 2
Penalty Kill 4 Players Forward
Center Wing Time % Phy DF OF
1 Daniel Zaar Teemu Hartikainen 60 1 2 2
2 Ryan Lomberg Teemu Pulkkinen 40 1 2 2
Penalty Kill 4 Players Defense
Defense Defense Time % Phy DF OF
1 Tony DeAngelo Jonas Brodin 60 1 2 2
2 Juuso Riikola Dan Renouf 40 1 2 2
Penalty Kill - 3 Players Forward
Forward Time % Phy DF OF
1 Daniel Zaar 60 1 2 2
2 Teemu Hartikainen 40 1 2 2
Penalty Kill - 3 Players Defense
Defense Defense Time % Phy DF OF
1 Tony DeAngelo Jonas Brodin 60 1 2 2
2 Juuso Riikola Dan Renouf 40 1 2 2
4 vs 4 Forward
Center Wing Time % Phy DF OF
1 Daniel Zaar Teemu Hartikainen 60 1 2 2
2 Ryan Lomberg Teemu Pulkkinen 40 1 2 2
4 vs 4 Defense
Defense Defense Time % Phy DF OF
1 Tony DeAngelo Jonas Brodin 60 1 2 2
2 Juuso Riikola Dan Renouf 40 1 2 2
Last Minutes Offensive
Center Left Wing Right Wing Defense Defense
Andrej Nestrasil Teemu Hartikainen Daniel Zaar Tony DeAngelo Jonas Brodin
Last Minutes Defensive
Center Left Wing Right Wing Defense Defense
Andrej Nestrasil Teemu Hartikainen Daniel Zaar Tony DeAngelo Jonas Brodin
Goaltenders
Starting : Thatcher Demko
Backup : Marek Langhamer
Extra Forwards
Normal : Michael Joly, Tyler Graovac, Lane Pederson - PP : Michael Joly, Tyler Graovac - PK : Lane Pederson
Extra Defensemen
Normal : Adam Ollas-Mattsson, Gustav Lindstrom, Daniil Miromanov - PP : Adam Ollas-Mattsson - PK : Gustav Lindstrom, Daniil Miromanov
Penalty Shots
Daniel Zaar, Teemu Hartikainen, Ryan Lomberg, Teemu Pulkkinen, Curtis Lazar
Scratches
Jaret Anderson-Dolan (Healthy), Jack Rathbone (Healthy), Dmitry Sokolov (Healthy), Michael Dipietro (Healthy), Casey DeSmith (Broken Bone (Left Ankle) Injury)
Devils
5 vs 5 Forward
Center Left Wing Right Wing Time % Phy DF OF
1 Maxime Macenauer Valeri Nichushkin Ondrej Kase 36 0 2 3
2 Alan Quine Miikka Salomaki Joonas Donskoi 30 0 2 3
3 Reid Boucher Brett Seney Conor Garland 24 0 2 3
4 Jonny Brodzinski Mason Marchment Eeli Tolvanen 10 0 2 3
5 vs 5 Defense
Defense Defense Time % Phy DF OF
1 Damon Severson Darren Dietz 40 0 3 2
2 Dalton Thrower Christian Wolanin 30 0 3 2
3 Robbie Russo Jake Bean 20 0 3 2
4 Wyatt Kalynuk Vincent Desharnais 10 0 3 2
PowerPlay Forward
Center Left Wing Right Wing Time % Phy DF OF
1 Maxime Macenauer Valeri Nichushkin Ondrej Kase 60 0 1 4
2 Alan Quine Miikka Salomaki Joonas Donskoi 40 0 1 4
PowerPlay Defense
Defense Defense Time % Phy DF OF
1 Damon Severson Darren Dietz 60 0 2 3
2 Dalton Thrower Christian Wolanin 40 0 2 3
Penalty Kill 4 Players Forward
Center Wing Time % Phy DF OF
1 Maxime Macenauer Miikka Salomaki 60 1 3 1
2 Alan Quine Valeri Nichushkin 40 1 3 1
Penalty Kill 4 Players Defense
Defense Defense Time % Phy DF OF
1 Damon Severson Darren Dietz 60 1 4 0
2 Dalton Thrower Christian Wolanin 40 1 4 0
Penalty Kill - 3 Players Forward
Forward Time % Phy DF OF
1 Maxime Macenauer 60 0 4 1
2 Alan Quine 40 0 4 1
Penalty Kill - 3 Players Defense
Defense Defense Time % Phy DF OF
1 Damon Severson Darren Dietz 60 0 5 0
2 Dalton Thrower Christian Wolanin 40 0 5 0
4 vs 4 Forward
Center Wing Time % Phy DF OF
1 Maxime Macenauer Miikka Salomaki 60 0 2 3
2 Alan Quine Valeri Nichushkin 40 0 2 3
4 vs 4 Defense
Defense Defense Time % Phy DF OF
1 Damon Severson Darren Dietz 60 0 3 2
2 Dalton Thrower Christian Wolanin 40 0 3 2
Last Minutes Offensive
Center Left Wing Right Wing Defense Defense
Maxime Macenauer Miikka Salomaki Ondrej Kase Damon Severson Darren Dietz
Last Minutes Defensive
Center Left Wing Right Wing Defense Defense
Maxime Macenauer Miikka Salomaki Ondrej Kase Damon Severson Darren Dietz
Goaltenders
Starting : Juuse Saros
Backup : Calvin Pickard
Extra Forwards
Normal : Joonas Donskoi, Alan Quine, Reid Boucher - PP : Joonas Donskoi, Alan Quine - PK : Joonas Donskoi
Extra Defensemen
Normal : Jake Bean, Wyatt Kalynuk, Vincent Desharnais - PP : Jake Bean - PK : Jake Bean, Wyatt Kalynuk
Penalty Shots
Miikka Salomaki, Ondrej Kase, Maxime Macenauer, Valeri Nichushkin, Joonas Donskoi
Scratches
Ilya Lyubushkin (Bruised Left Leg Injury), Brett Howden (Healthy)
% Time on Ice - Comets
Lines # - Real PCT - Wanted PCT - Time Play
Normal Forward
1 - 33% - 40% - 20:06
2 - 29% - 30% - 17:53
3 - 23% - 20% - 13:54
4 - 15% - 10% - 8:56
Normal Defense
1 - 40% - 40% - 24:10
2 - 32% - 30% - 19:11
3 - 22% - 20% - 13:29
4 - 7% - 10% - 3:59
PP Forward
1 - 48% - 60% - 2:53
2 - 52% - 40% - 3:05
PP Defense
1 - 61% - 60% - 3:38
2 - 39% - 40% - 2:20
PK Forward
1 - 71% - 60% - 11:13
2 - 29% - 40% - 4:39
PK Defense
1 - 55% - 60% - 8:44
2 - 45% - 40% - 7:08
PK3 Forward
1 - 0% - 60%
2 - 0% - 40%
PK3 Defense
1 - 0% - 60%
2 - 0% - 40%
44 Forward
1 - 0% - 60%
2 - 0% - 40%
44 Defense
1 - 0% - 60%
2 - 0% - 40%
Last Minute Offensive - 0:00
Last Minute Defensive - 0:00
Total
Forward - 82:39
Defense - 82:39
|
% Time on Ice - Devils
Lines # - Real PCT - Wanted PCT - Time Play
Normal Forward
1 - 35% - 36% - 21:17
2 - 27% - 30% - 16:36
3 - 20% - 24% - 12:16
4 - 18% - 10% - 10:40
Normal Defense
1 - 40% - 40% - 24:03
2 - 31% - 30% - 18:45
3 - 21% - 20% - 12:33
4 - 9% - 10% - 5:28
PP Forward
1 - 54% - 60% - 8:37
2 - 46% - 40% - 7:15
PP Defense
1 - 57% - 60% - 9:06
2 - 43% - 40% - 6:46
PK Forward
1 - 70% - 60% - 4:11
2 - 30% - 40% - 1:47
PK Defense
1 - 58% - 60% - 3:29
2 - 42% - 40% - 2:29
PK3 Forward
1 - 0% - 60%
2 - 0% - 40%
PK3 Defense
1 - 0% - 60%
2 - 0% - 40%
44 Forward
1 - 0% - 60%
2 - 0% - 40%
44 Defense
1 - 0% - 60%
2 - 0% - 40%
Last Minute Offensive - 0:00
Last Minute Defensive - 0:00
Total
Forward - 82:39
Defense - 82:39
|
Play-by-Play
1st period
0:01 of 1st period - Maxime Macenauer wins face-off versus Andrej Nestrasil in neutral zone.
0:22 of 1st period - Minor Penalty to Maxime Macenauer for Holding.
0:23 of 1st period - Andrej Nestrasil wins face-off versus Joonas Donskoi in Devils zone.
0:24 of 1st period - Wrist shot by Daniel Zaar.
0:24 of 1st period - Shot Blocked by Darren Dietz.
0:53 of 1st period - Off-side.
0:54 of 1st period - Joonas Donskoi wins face-off versus Nicolas Petan in neutral zone.
1:28 of 1st period - Wrist shot by Ryan Lomberg.
1:28 of 1st period - Shot Misses the Net.
1:48 of 1st period - Wrist shot by Jonas Brodin.
1:48 of 1st period - Shot Blocked by Darren Dietz.
1:50 of 1st period - Slapshot by Jonas Brodin.
1:50 of 1st period - Stopped by Juuse Saros without a rebound.
1:51 of 1st period - Alan Quine wins face-off versus Andrej Nestrasil in Devils zone.
2:22 of 1st period - Penalty to Maxime Macenauer is over, Maxime Macenauer is back on ice.
3:24 of 1st period - Robbie Russo is hit by Teemu Hartikainen.
3:28 of 1st period - Snap shot by Miikka Salomaki.
3:28 of 1st period - Shot Misses the Net.
3:46 of 1st period - Slapshot by Conor Garland.
3:46 of 1st period - Shot Blocked by Jonas Brodin.
3:48 of 1st period - Wrist shot by Brett Seney.
3:48 of 1st period - Deflect By Conor Garland.
3:48 of 1st period - Stopped by Thatcher Demko with a rebound.
4:08 of 1st period - Wrist shot by Juho Lammikko.
4:08 of 1st period - Shot Misses the Net.
4:10 of 1st period - Slapshot by Jonas Brodin.
4:10 of 1st period - Deflect By Damon Severson.
4:10 of 1st period - Stopped by Juuse Saros without a rebound.
4:11 of 1st period - Andrej Nestrasil wins face-off versus Alan Quine in Devils zone.
4:18 of 1st period - Wrist shot by Daniel Zaar.
4:18 of 1st period - Stopped by Juuse Saros without a rebound.
4:19 of 1st period - Andrej Nestrasil wins face-off versus Alan Quine in Devils zone.
4:34 of 1st period - Snap shot by Alan Quine.
4:34 of 1st period - Shot Misses the Net.
5:26 of 1st period - Snap shot by Daniel Zaar.
5:26 of 1st period - Stopped by Juuse Saros with a rebound.
5:28 of 1st period - Snap shot by Teemu Hartikainen.
5:28 of 1st period - Stopped by Juuse Saros without a rebound.
5:29 of 1st period - Nicolas Petan wins face-off versus Maxime Macenauer in Devils zone.
5:37 of 1st period - Minor Penalty to Dalton Thrower for Holding.
5:38 of 1st period - Maxime Macenauer wins face-off versus Nicolas Petan in Devils zone.
5:52 of 1st period - Slapshot by Nicolas Petan.
5:52 of 1st period - Stopped by Juuse Saros without a rebound.
5:53 of 1st period - Ryan Lomberg wins face-off versus Maxime Macenauer in Devils zone.
5:56 of 1st period - Slapshot by Ryan Lomberg.
5:56 of 1st period - Shot Blocked by Damon Severson.
5:58 of 1st period - Slapshot by Tony DeAngelo.
5:58 of 1st period - Shot Misses the Net.
6:00 of 1st period - Slapshot by Tony DeAngelo.
6:00 of 1st period - Stopped by Juuse Saros without a rebound.
6:01 of 1st period - Maxime Macenauer wins face-off versus Nicolas Petan in Devils zone.
7:37 of 1st period - Penalty to Dalton Thrower is over, Dalton Thrower is back on ice.
7:49 of 1st period - Slapshot by Joonas Donskoi.
7:49 of 1st period - Deflect By Jonas Brodin.
7:49 of 1st period - Stopped by Thatcher Demko with a rebound.
8:05 of 1st period - Juho Lammikko is hit by Eeli Tolvanen and loses puck.
8:28 of 1st period - Snap shot by Reid Boucher.
8:28 of 1st period - Stopped by Thatcher Demko without a rebound.
8:29 of 1st period - Nicolas Petan wins face-off versus Reid Boucher in Comets zone.
8:29 of 1st period - Nicolas Petan is hit by Conor Garland.
8:53 of 1st period - Ondrej Kase is hit by Teemu Hartikainen and loses puck.
8:58 of 1st period - Snap shot by Daniel Zaar.
8:58 of 1st period - Shot Misses the Net.
9:26 of 1st period - Snap shot by Denis Gurianov.
9:26 of 1st period - Shot Misses the Net.
9:36 of 1st period - Darren Dietz is hit by Curtis Lazar and loses puck.
9:41 of 1st period - Snap shot by Ryan Lomberg.
9:41 of 1st period - Shot Misses the Net.
9:43 of 1st period - Wrist shot by Ryan Lomberg.
9:43 of 1st period - Shot Blocked by Darren Dietz.
9:45 of 1st period - Snap shot by Curtis Lazar.
9:45 of 1st period - Stopped by Juuse Saros with a rebound.
10:33 of 1st period - Dalton Thrower is hit by Teemu Pulkkinen and loses puck.
10:58 of 1st period - Snap shot by Curtis Lazar.
10:58 of 1st period - Shot Misses the Net.
11:28 of 1st period - Alan Quine is hit by Teemu Hartikainen and loses puck.
11:47 of 1st period - Wrist shot by Jean-Sebastien Dea.
11:47 of 1st period - Shot Misses the Net.
11:49 of 1st period - Wrist shot by Jean-Sebastien Dea.
11:49 of 1st period - Shot Misses the Net.
13:29 of 1st period - Slapshot by Jake Bean.
13:29 of 1st period - Shot Misses the Net.
13:45 of 1st period - Snap shot by Jean-Sebastien Dea.
13:45 of 1st period - Stopped by Juuse Saros with a rebound.
14:02 of 1st period - Minor Penalty to Jean-Sebastien Dea for Roughing.
14:03 of 1st period - Valeri Nichushkin wins face-off versus Teemu Hartikainen in Comets zone.
14:46 of 1st period - Slapshot by Damon Severson.
14:46 of 1st period - Shot Blocked by Jonas Brodin.
15:13 of 1st period - Icing by Joonas Donskoi.
15:14 of 1st period - Maxime Macenauer wins face-off versus Lane Pederson in Devils zone.
15:19 of 1st period - Valeri Nichushkin is hit by Phil Di Giuseppe and loses puck.
15:34 of 1st period - Damon Severson is hit by Teemu Hartikainen.
16:02 of 1st period - Penalty to Jean-Sebastien Dea is over, Jean-Sebastien Dea is back on ice.
16:08 of 1st period - Slapshot by Teemu Pulkkinen.
16:08 of 1st period - Shot Misses the Net.
16:40 of 1st period - Snap shot by Juho Lammikko.
16:40 of 1st period - Stopped by Juuse Saros with a rebound.
17:28 of 1st period - Wrist shot by Denis Gurianov.
17:28 of 1st period - Shot Misses the Net.
18:02 of 1st period - Jonny Brodzinski is hit by Teemu Hartikainen.
18:52 of 1st period - Wrist shot by Ryan Lomberg.
18:52 of 1st period - Shot Misses the Net.
19:47 of 1st period - Ondrej Kase is hit by Teemu Pulkkinen and loses puck.
Goals for this period are 0 for Comets vs 0 for Devils.
Shots for this period are 10 for Comets vs 3 for Devils.
2nd period
0:01 of 2nd period - Andrej Nestrasil wins face-off versus Ondrej Kase in neutral zone.
0:25 of 2nd period - Joonas Donskoi is hit by Ryan Lomberg and loses puck.
0:46 of 2nd period - Off-side.
0:47 of 2nd period - Jean-Sebastien Dea wins face-off versus Maxime Macenauer in neutral zone.
0:58 of 2nd period - Slapshot by Tony DeAngelo.
0:58 of 2nd period - Shot Blocked by Dalton Thrower.
1:17 of 2nd period - Wrist shot by Andrej Nestrasil.
1:17 of 2nd period - Stopped by Juuse Saros with a rebound.
1:19 of 2nd period - Slapshot by Dan Renouf.
1:19 of 2nd period - Shot Misses the Net.
1:21 of 2nd period - Slapshot by Juuso Riikola.
1:21 of 2nd period - Stopped by Juuse Saros without a rebound.
1:22 of 2nd period - Nicolas Petan wins face-off versus Alan Quine in Devils zone.
1:23 of 2nd period - Snap shot by Ryan Lomberg.
1:23 of 2nd period - Shot Blocked by Joonas Donskoi.
1:25 of 2nd period - Wrist shot by Nicolas Petan.
1:25 of 2nd period - Stopped by Juuse Saros without a rebound.
1:26 of 2nd period - Alan Quine wins face-off versus Nicolas Petan in Devils zone.
1:59 of 2nd period - Ondrej Kase is hit by Tony DeAngelo and loses puck.
2:40 of 2nd period - Slapshot by Ryan Lomberg.
2:40 of 2nd period - Shot Blocked by Christian Wolanin.
3:20 of 2nd period - Snap shot by Daniel Zaar.
3:20 of 2nd period - Stopped by Juuse Saros with a rebound.
3:26 of 2nd period - Backhand shot by Ondrej Kase.
3:26 of 2nd period - Stopped by Thatcher Demko with a rebound.
3:57 of 2nd period - Snap shot by Phil Di Giuseppe.
3:57 of 2nd period - Shot Misses the Net.
4:21 of 2nd period - Darren Dietz is hit by Teemu Hartikainen and loses puck.
4:26 of 2nd period - Snap shot by Daniel Zaar.
4:26 of 2nd period - Shot Misses the Net.
4:36 of 2nd period - Juuso Riikola is hit by Maxime Macenauer and loses puck.
4:54 of 2nd period - Minor Penalty to Dan Renouf for Diving.
4:55 of 2nd period - Maxime Macenauer wins face-off versus Daniel Zaar in Comets zone.
6:22 of 2nd period - Alan Quine is hit by Juuso Riikola and loses puck.
6:39 of 2nd period - Ondrej Kase is hit by Teemu Pulkkinen and loses puck.
6:54 of 2nd period - Penalty to Dan Renouf is over, Dan Renouf is back on ice.
7:04 of 2nd period - Phil Di Giuseppe is hit by Conor Garland and loses puck.
7:30 of 2nd period - Snap shot by Jonny Brodzinski.
7:30 of 2nd period - Shot Misses the Net.
7:40 of 2nd period - Slapshot by Tony DeAngelo.
7:40 of 2nd period - Shot Blocked by Brett Seney.
7:42 of 2nd period - Snap shot by Jean-Sebastien Dea.
7:42 of 2nd period - Stopped by Juuse Saros with a rebound.
7:44 of 2nd period - Slapshot by Teemu Pulkkinen.
7:44 of 2nd period - Shot Misses the Net.
7:46 of 2nd period - Slapshot by Tony DeAngelo.
7:46 of 2nd period - Deflect By Conor Garland.
7:46 of 2nd period - Goal by Tony DeAngelo - Comets : 1 - Devils : 0.
7:47 of 2nd period - Andrej Nestrasil wins face-off versus Maxime Macenauer in neutral zone.
7:50 of 2nd period - Valeri Nichushkin is hit by Teemu Hartikainen and loses puck.
7:55 of 2nd period - Slapshot by Daniel Zaar.
7:55 of 2nd period - Stopped by Juuse Saros without a rebound.
7:56 of 2nd period - Maxime Macenauer wins face-off versus Andrej Nestrasil in Devils zone.
7:56 of 2nd period - Maxime Macenauer is hit by Daniel Zaar.
8:24 of 2nd period - Snap shot by Teemu Hartikainen.
8:24 of 2nd period - Deflect By Andrej Nestrasil.
8:24 of 2nd period - Shot Misses the Net.
8:24 of 2nd period - Puck is out of play.
8:25 of 2nd period - Nicolas Petan wins face-off versus Joonas Donskoi in Devils zone.
8:28 of 2nd period - Wrist shot by Tony DeAngelo.
8:28 of 2nd period - Shot Blocked by Damon Severson.
8:30 of 2nd period - Wrist shot by Curtis Lazar.
8:30 of 2nd period - Stopped by Juuse Saros with a rebound.
8:32 of 2nd period - Snap shot by Curtis Lazar.
8:32 of 2nd period - Stopped by Juuse Saros without a rebound.
8:33 of 2nd period - Alan Quine wins face-off versus Nicolas Petan in Devils zone.
8:38 of 2nd period - Snap shot by Alan Quine.
8:38 of 2nd period - Stopped by Thatcher Demko without a rebound.
8:39 of 2nd period - Andrej Nestrasil wins face-off versus Maxime Macenauer in Comets zone.
8:46 of 2nd period - Slapshot by Jonas Brodin.
8:46 of 2nd period - Stopped by Juuse Saros with a rebound.
8:48 of 2nd period - Wrist shot by Daniel Zaar.
8:48 of 2nd period - Deflect By Teemu Hartikainen.
8:48 of 2nd period - Stopped by Juuse Saros without a rebound.
8:49 of 2nd period - Maxime Macenauer wins face-off versus Andrej Nestrasil in Devils zone.
8:49 of 2nd period - Maxime Macenauer is hit by Tony DeAngelo.
9:02 of 2nd period - Minor Penalty to Tony DeAngelo for Hooking.
9:03 of 2nd period - Daniel Zaar wins face-off versus Maxime Macenauer in Comets zone.
9:17 of 2nd period - Wrist shot by Maxime Macenauer.
9:17 of 2nd period - Shot Misses the Net.
9:34 of 2nd period - Daniel Zaar is hit by Christian Wolanin and loses puck.
9:57 of 2nd period - Jonas Brodin is hit by Joonas Donskoi and loses puck.
10:56 of 2nd period - Brett Seney is hit by Teemu Hartikainen and loses puck.
11:02 of 2nd period - Penalty to Tony DeAngelo is over, Tony DeAngelo is back on ice.
11:09 of 2nd period - Dan Renouf is hit by Christian Wolanin and loses puck.
11:14 of 2nd period - Snap shot by Jonny Brodzinski.
11:14 of 2nd period - Shot Blocked by Ryan Lomberg.
11:16 of 2nd period - Wrist shot by Jonny Brodzinski.
11:16 of 2nd period - Deflect By Mason Marchment.
11:16 of 2nd period - Shot Misses the Net.
11:16 of 2nd period - Puck is out of play.
11:17 of 2nd period - Reid Boucher wins face-off versus Jean-Sebastien Dea in Comets zone.
11:18 of 2nd period - Wrist shot by Brett Seney.
11:18 of 2nd period - Shot Misses the Net.
11:20 of 2nd period - Snap shot by Conor Garland.
11:20 of 2nd period - Goal by Conor Garland - Comets : 1 - Devils : 1.
11:21 of 2nd period - Andrej Nestrasil wins face-off versus Maxime Macenauer in neutral zone.
11:46 of 2nd period - Alan Quine is hit by Ryan Lomberg and loses puck.
11:50 of 2nd period - Icing by Damon Severson.
11:51 of 2nd period - Nicolas Petan wins face-off versus Alan Quine in Devils zone.
11:52 of 2nd period - Wrist shot by Ryan Lomberg.
11:52 of 2nd period - Shot Blocked by Joonas Donskoi.
12:04 of 2nd period - Wrist shot by Ryan Lomberg.
12:04 of 2nd period - Shot Blocked by Miikka Salomaki.
12:07 of 2nd period - Icing by Dalton Thrower.
12:08 of 2nd period - Andrej Nestrasil wins face-off versus Alan Quine in Devils zone.
12:11 of 2nd period - Wrist shot by Teemu Hartikainen.
12:11 of 2nd period - Shot Misses the Net.
12:13 of 2nd period - Slapshot by Tony DeAngelo.
12:13 of 2nd period - Stopped by Juuse Saros with a rebound.
12:19 of 2nd period - Alan Quine is hit by Tony DeAngelo.
12:31 of 2nd period - Wrist shot by Joonas Donskoi.
12:31 of 2nd period - Stopped by Thatcher Demko with a rebound.
12:33 of 2nd period - Snap shot by Miikka Salomaki.
12:33 of 2nd period - Shot Misses the Net.
12:35 of 2nd period - Slapshot by Christian Wolanin.
12:35 of 2nd period - Shot Blocked by Jonas Brodin.
12:37 of 2nd period - Snap shot by Dalton Thrower.
12:37 of 2nd period - Deflect By Miikka Salomaki.
12:37 of 2nd period - Stopped by Thatcher Demko with a rebound.
13:01 of 2nd period - Slapshot by Jonas Brodin.
13:01 of 2nd period - Shot Misses the Net.
13:04 of 2nd period - Icing by Christian Wolanin.
13:05 of 2nd period - Andrej Nestrasil wins face-off versus Alan Quine in Devils zone.
13:10 of 2nd period - Wrist shot by Andrej Nestrasil.
13:10 of 2nd period - Shot Blocked by Dalton Thrower.
13:20 of 2nd period - Snap shot by Alan Quine.
13:20 of 2nd period - Shot Misses the Net.
13:22 of 2nd period - Wrist shot by Alan Quine.
13:22 of 2nd period - Stopped by Thatcher Demko without a rebound.
13:23 of 2nd period - Maxime Macenauer wins face-off versus Jean-Sebastien Dea in Comets zone.
13:26 of 2nd period - Slapshot by Ondrej Kase.
13:26 of 2nd period - Deflect By Valeri Nichushkin.
13:26 of 2nd period - Stopped by Thatcher Demko with a rebound.
13:28 of 2nd period - Snap shot by Ondrej Kase.
13:28 of 2nd period - Shot Misses the Net.
13:30 of 2nd period - Wrist shot by Ondrej Kase.
13:30 of 2nd period - Shot Misses the Net.
13:38 of 2nd period - Wrist shot by Maxime Macenauer.
13:38 of 2nd period - Shot Misses the Net.
14:13 of 2nd period - Adam Ollas-Mattsson is hit by Mason Marchment and loses puck.
14:19 of 2nd period - Off-side.
14:20 of 2nd period - Andrej Nestrasil wins face-off versus Maxime Macenauer in neutral zone.
14:55 of 2nd period - Minor Penalty to Darren Dietz for Hooking.
14:56 of 2nd period - Andrej Nestrasil wins face-off versus Maxime Macenauer in Devils zone.
14:56 of 2nd period - Wrist shot by Daniel Zaar.
14:56 of 2nd period - Goal by Daniel Zaar - Comets : 2 - Devils : 1.
14:57 of 2nd period - Maxime Macenauer wins face-off versus Teemu Hartikainen in neutral zone.
14:57 of 2nd period - Maxime Macenauer is hit by Daniel Zaar.
15:01 of 2nd period - Slapshot by Darren Dietz.
15:01 of 2nd period - Stopped by Thatcher Demko without a rebound.
15:02 of 2nd period - Andrej Nestrasil wins face-off versus Maxime Macenauer in Comets zone.
15:15 of 2nd period - Wrist shot by Daniel Zaar.
15:15 of 2nd period - Stopped by Juuse Saros with a rebound.
15:39 of 2nd period - Wrist shot by Ryan Lomberg.
15:39 of 2nd period - Shot Blocked by Damon Severson.
15:53 of 2nd period - Snap shot by Brett Seney.
15:53 of 2nd period - Shot Misses the Net.
16:09 of 2nd period - Maxime Macenauer is hit by Juho Lammikko.
16:17 of 2nd period - Joel Eriksson Ek is hit by Darren Dietz and loses puck.
16:35 of 2nd period - Slapshot by Dalton Thrower.
16:35 of 2nd period - Shot Blocked by Adam Ollas-Mattsson.
17:31 of 2nd period - Wrist shot by Juho Lammikko.
17:31 of 2nd period - Shot Blocked by Jake Bean.
17:33 of 2nd period - Wrist shot by Jonas Brodin.
17:33 of 2nd period - Deflect By Phil Di Giuseppe.
17:33 of 2nd period - Stopped by Juuse Saros with a rebound.
17:35 of 2nd period - Wrist shot by Phil Di Giuseppe.
17:35 of 2nd period - Shot Misses the Net.
17:37 of 2nd period - Slapshot by Jonas Brodin.
17:37 of 2nd period - Shot Misses the Net.
17:39 of 2nd period - Snap shot by Juho Lammikko.
17:39 of 2nd period - Stopped by Juuse Saros with a rebound.
17:51 of 2nd period - Snap shot by Jonny Brodzinski.
17:51 of 2nd period - Shot Blocked by Tony DeAngelo.
17:53 of 2nd period - Wrist shot by Jake Bean.
17:53 of 2nd period - Shot Misses the Net.
17:55 of 2nd period - Snap shot by Jonny Brodzinski.
17:55 of 2nd period - Stopped by Thatcher Demko with a rebound.
17:57 of 2nd period - Slapshot by Jake Bean.
17:57 of 2nd period - Shot Misses the Net.
17:59 of 2nd period - Slapshot by Jake Bean.
17:59 of 2nd period - Deflect By Mason Marchment.
17:59 of 2nd period - Shot Misses the Net.
17:59 of 2nd period - Puck is out of play.
18:00 of 2nd period - Maxime Macenauer wins face-off versus Nicolas Petan in Comets zone.
18:09 of 2nd period - Off-side.
18:10 of 2nd period - Maxime Macenauer wins face-off versus Nicolas Petan in neutral zone.
18:31 of 2nd period - Wrist shot by Ryan Lomberg.
18:31 of 2nd period - Stopped by Juuse Saros with a rebound.
18:33 of 2nd period - Slapshot by Curtis Lazar.
18:33 of 2nd period - Stopped by Juuse Saros with a rebound.
18:35 of 2nd period - Slapshot by Dan Renouf.
18:35 of 2nd period - Shot Blocked by Dalton Thrower.
18:47 of 2nd period - Wrist shot by Curtis Lazar.
18:47 of 2nd period - Stopped by Juuse Saros without a rebound.
18:48 of 2nd period - Andrej Nestrasil wins face-off versus Alan Quine in Devils zone.
18:49 of 2nd period - Wrist shot by Teemu Hartikainen.
18:49 of 2nd period - Stopped by Juuse Saros with a rebound.
19:45 of 2nd period - Wrist shot by Phil Di Giuseppe.
19:45 of 2nd period - Stopped by Juuse Saros with a rebound.
19:47 of 2nd period - Slapshot by Joel Eriksson Ek.
19:47 of 2nd period - Goal by Joel Eriksson Ek - Comets : 3 - Devils : 1.
19:48 of 2nd period - Maxime Macenauer wins face-off versus Andrej Nestrasil in neutral zone.
19:51 of 2nd period - Snap shot by Darren Dietz.
19:51 of 2nd period - Deflect By Teemu Hartikainen.
19:51 of 2nd period - Stopped by Thatcher Demko without a rebound.
19:52 of 2nd period - Andrej Nestrasil wins face-off versus Maxime Macenauer in Comets zone.
Goals for this period are 3 for Comets vs 1 for Devils.
Shots for this period are 22 for Comets vs 10 for Devils.
3rd period
0:01 of 3rd period - Valeri Nichushkin wins face-off versus Andrej Nestrasil in neutral zone.
0:15 of 3rd period - Slapshot by Maxime Macenauer.
0:15 of 3rd period - Goal by Maxime Macenauer - Comets : 3 - Devils : 2.
0:16 of 3rd period - Andrej Nestrasil wins face-off versus Maxime Macenauer in neutral zone.
0:43 of 3rd period - Curtis Lazar is hit by Damon Severson and loses puck.
1:08 of 3rd period - Slapshot by Phil Di Giuseppe.
1:08 of 3rd period - Deflect By Joel Eriksson Ek.
1:08 of 3rd period - Shot Blocked by Conor Garland.
1:08 of 3rd period - Puck is out of play.
1:09 of 3rd period - Joel Eriksson Ek wins face-off versus Maxime Macenauer in Devils zone.
1:12 of 3rd period - Snap shot by Joel Eriksson Ek.
1:12 of 3rd period - Stopped by Juuse Saros with a rebound.
1:18 of 3rd period - Snap shot by Maxime Macenauer.
1:18 of 3rd period - Shot Misses the Net.
1:20 of 3rd period - Snap shot by Maxime Macenauer.
1:20 of 3rd period - Stopped by Thatcher Demko with a rebound.
1:22 of 3rd period - Backhand shot by Darren Dietz.
1:22 of 3rd period - Deflect By Juho Lammikko.
1:22 of 3rd period - Stopped by Thatcher Demko with a rebound.
2:18 of 3rd period - Slapshot by Dalton Thrower.
2:18 of 3rd period - Deflect By Mason Marchment.
2:18 of 3rd period - Stopped by Thatcher Demko without a rebound.
2:19 of 3rd period - Jonny Brodzinski wins face-off versus Jean-Sebastien Dea in Comets zone.
2:23 of 3rd period - Icing by Gustav Lindstrom.
2:24 of 3rd period - Teemu Pulkkinen wins face-off versus Maxime Macenauer in Comets zone.
2:36 of 3rd period - Off-side.
2:37 of 3rd period - Valeri Nichushkin wins face-off versus Andrej Nestrasil in neutral zone.
3:02 of 3rd period - Damon Severson is hit by Ryan Lomberg and loses puck.
3:17 of 3rd period - Minor Penalty to Juuso Riikola for Holding.
3:18 of 3rd period - Daniel Zaar wins face-off versus Maxime Macenauer in Comets zone.
5:17 of 3rd period - Penalty to Juuso Riikola is over, Juuso Riikola is back on ice.
5:36 of 3rd period - Robbie Russo is hit by Daniel Zaar.
5:56 of 3rd period - Jake Bean is hit by Curtis Lazar and loses puck.
6:05 of 3rd period - Wrist shot by Ryan Lomberg.
6:05 of 3rd period - Shot Blocked by Jake Bean.
6:56 of 3rd period - Wrist shot by Teemu Pulkkinen.
6:56 of 3rd period - Shot Blocked by Brett Seney.
6:58 of 3rd period - Wrist shot by Curtis Lazar.
6:58 of 3rd period - Shot Misses the Net.
7:00 of 3rd period - Wrist shot by Ryan Lomberg.
7:00 of 3rd period - Shot Misses the Net.
7:02 of 3rd period - Snap shot by Curtis Lazar.
7:02 of 3rd period - Stopped by Juuse Saros with a rebound.
7:04 of 3rd period - Wrist shot by Nicolas Petan.
7:04 of 3rd period - Shot Misses the Net.
7:06 of 3rd period - Wrist shot by Ryan Lomberg.
7:06 of 3rd period - Shot Misses the Net.
8:21 of 3rd period - Snap shot by Nicolas Petan.
8:21 of 3rd period - Shot Misses the Net.
8:23 of 3rd period - Slapshot by Curtis Lazar.
8:23 of 3rd period - Stopped by Juuse Saros with a rebound.
8:25 of 3rd period - Snap shot by Nicolas Petan.
8:25 of 3rd period - Shot Misses the Net.
8:27 of 3rd period - Snap shot by Nicolas Petan.
8:27 of 3rd period - Stopped by Juuse Saros without a rebound.
8:28 of 3rd period - Andrej Nestrasil wins face-off versus Maxime Macenauer in Devils zone.
8:42 of 3rd period - Teemu Hartikainen is hit by Damon Severson and loses puck.
8:57 of 3rd period - Adam Ollas-Mattsson is hit by Damon Severson and loses puck.
9:14 of 3rd period - Wrist shot by Jonny Brodzinski.
9:14 of 3rd period - Stopped by Thatcher Demko with a rebound.
9:16 of 3rd period - Snap shot by Jonny Brodzinski.
9:16 of 3rd period - Shot Blocked by Denis Gurianov.
9:18 of 3rd period - Slapshot by Jonny Brodzinski.
9:18 of 3rd period - Goal by Jonny Brodzinski - Comets : 3 - Devils : 3.
9:19 of 3rd period - Maxime Macenauer wins face-off versus Andrej Nestrasil in neutral zone.
10:44 of 3rd period - Ondrej Kase is hit by Dan Renouf and loses puck.
11:05 of 3rd period - Alan Quine is hit by Juuso Riikola and loses puck.
11:42 of 3rd period - Denis Gurianov is hit by Mason Marchment and loses puck.
11:49 of 3rd period - Snap shot by Jonny Brodzinski.
11:49 of 3rd period - Deflect By Eeli Tolvanen.
11:49 of 3rd period - Stopped by Thatcher Demko with a rebound.
11:59 of 3rd period - Slapshot by Maxime Macenauer.
11:59 of 3rd period - Shot Misses the Net.
12:01 of 3rd period - Wrist shot by Ondrej Kase.
12:01 of 3rd period - Stopped by Thatcher Demko without a rebound.
12:02 of 3rd period - Valeri Nichushkin wins face-off versus Joel Eriksson Ek in Comets zone.
12:10 of 3rd period - Snap shot by Maxime Macenauer.
12:10 of 3rd period - Shot Misses the Net.
12:12 of 3rd period - Wrist shot by Maxime Macenauer.
12:12 of 3rd period - Shot Blocked by Jonas Brodin.
12:14 of 3rd period - Snap shot by Valeri Nichushkin.
12:14 of 3rd period - Shot Misses the Net.
12:16 of 3rd period - Snap shot by Maxime Macenauer.
12:16 of 3rd period - Shot Misses the Net.
12:18 of 3rd period - Wrist shot by Ondrej Kase.
12:18 of 3rd period - Stopped by Thatcher Demko without a rebound.
12:19 of 3rd period - Alan Quine wins face-off versus Andrej Nestrasil in Comets zone.
12:20 of 3rd period - Snap shot by Joonas Donskoi.
12:20 of 3rd period - Shot Blocked by Tony DeAngelo.
12:25 of 3rd period - Off-side.
12:26 of 3rd period - Andrej Nestrasil wins face-off versus Alan Quine in neutral zone.
12:29 of 3rd period - Miikka Salomaki is hit by Daniel Zaar and loses puck.
12:56 of 3rd period - Wrist shot by Tony DeAngelo.
12:56 of 3rd period - Deflect By Ryan Lomberg.
12:56 of 3rd period - Shot Blocked by Ondrej Kase.
12:56 of 3rd period - Puck is out of play.
12:57 of 3rd period - Maxime Macenauer wins face-off versus Curtis Lazar in Devils zone.
12:57 of 3rd period - Maxime Macenauer is hit by Dan Renouf.
13:13 of 3rd period - Wrist shot by Curtis Lazar.
13:13 of 3rd period - Stopped by Juuse Saros with a rebound.
13:58 of 3rd period - Snap shot by Ondrej Kase.
13:58 of 3rd period - Stopped by Thatcher Demko without a rebound.
13:59 of 3rd period - Andrej Nestrasil wins face-off versus Alan Quine in Comets zone.
14:28 of 3rd period - Slapshot by Jonas Brodin.
14:28 of 3rd period - Stopped by Juuse Saros with a rebound.
14:32 of 3rd period - Snap shot by Tony DeAngelo.
14:32 of 3rd period - Shot Misses the Net.
14:48 of 3rd period - Snap shot by Jonny Brodzinski.
14:48 of 3rd period - Shot Blocked by Jonas Brodin.
14:50 of 3rd period - Wrist shot by Mason Marchment.
14:50 of 3rd period - Stopped by Thatcher Demko with a rebound.
14:52 of 3rd period - Slapshot by Robbie Russo.
14:52 of 3rd period - Stopped by Thatcher Demko with a rebound.
14:54 of 3rd period - Slapshot by Robbie Russo.
14:54 of 3rd period - Deflect By Mason Marchment.
14:54 of 3rd period - Stopped by Thatcher Demko without a rebound.
14:55 of 3rd period - Jonny Brodzinski wins face-off versus Teemu Hartikainen in Comets zone.
15:10 of 3rd period - Slapshot by Andrej Nestrasil.
15:10 of 3rd period - Shot Misses the Net.
15:45 of 3rd period - Wrist shot by Ondrej Kase.
15:45 of 3rd period - Shot Misses the Net.
16:03 of 3rd period - Slapshot by Tony DeAngelo.
16:03 of 3rd period - Stopped by Juuse Saros without a rebound.
16:04 of 3rd period - Jean-Sebastien Dea wins face-off versus Alan Quine in Devils zone.
16:27 of 3rd period - Dan Renouf is hit by Joonas Donskoi and loses puck.
16:51 of 3rd period - Minor Penalty to Juuso Riikola for Slashing.
16:52 of 3rd period - Daniel Zaar wins face-off versus Maxime Macenauer in Comets zone.
18:49 of 3rd period - Wrist shot by Christian Wolanin.
18:49 of 3rd period - Stopped by Thatcher Demko without a rebound.
18:50 of 3rd period - Alan Quine wins face-off versus Andrej Nestrasil in Comets zone.
18:51 of 3rd period - Penalty to Juuso Riikola is over, Juuso Riikola is back on ice.
Goals for this period are 0 for Comets vs 2 for Devils.
Shots for this period are 7 for Comets vs 14 for Devils.
Overtime #1
0:01 of 1st overtime period - Andrej Nestrasil wins face-off versus Maxime Macenauer in neutral zone.
0:10 of 1st overtime period - Snap shot by Andrej Nestrasil.
0:10 of 1st overtime period - Shot Misses the Net.
0:15 of 1st overtime period - Off-side.
0:16 of 1st overtime period - Alan Quine wins face-off versus Nicolas Petan in neutral zone.
0:25 of 1st overtime period - Wrist shot by Joonas Donskoi.
0:25 of 1st overtime period - Shot Blocked by Ryan Lomberg.
0:27 of 1st overtime period - Wrist shot by Miikka Salomaki.
0:27 of 1st overtime period - Stopped by Thatcher Demko without a rebound.
0:28 of 1st overtime period - Andrej Nestrasil wins face-off versus Maxime Macenauer in Comets zone.
0:34 of 1st overtime period - Off-side.
0:35 of 1st overtime period - Andrej Nestrasil wins face-off versus Maxime Macenauer in neutral zone.
0:44 of 1st overtime period - Snap shot by Teemu Hartikainen.
0:44 of 1st overtime period - Shot Misses the Net.
1:40 of 1st overtime period - Snap shot by Miikka Salomaki.
1:40 of 1st overtime period - Stopped by Thatcher Demko with a rebound.
1:46 of 1st overtime period - Minor Penalty to Juuso Riikola for Holding.
1:47 of 1st overtime period - Daniel Zaar wins face-off versus Alan Quine in Comets zone.
3:05 of 1st overtime period - Gustav Lindstrom is hit by Dalton Thrower and loses puck.
3:45 of 1st overtime period - Teemu Pulkkinen is hit by Conor Garland and loses puck.
3:46 of 1st overtime period - Penalty to Juuso Riikola is over, Juuso Riikola is back on ice.
4:00 of 1st overtime period - Snap shot by Jonny Brodzinski.
4:00 of 1st overtime period - Stopped by Thatcher Demko without a rebound.
4:01 of 1st overtime period - Joel Eriksson Ek wins face-off versus Jonny Brodzinski in Comets zone.
4:06 of 1st overtime period - Slapshot by Jake Bean.
4:06 of 1st overtime period - Shot Blocked by Juuso Riikola.
4:10 of 1st overtime period - Slapshot by Robbie Russo.
4:10 of 1st overtime period - Stopped by Thatcher Demko with a rebound.
4:12 of 1st overtime period - Slapshot by Jake Bean.
4:12 of 1st overtime period - Shot Blocked by Juuso Riikola.
4:30 of 1st overtime period - Minor Penalty to Juuso Riikola for Cross-checking.
4:31 of 1st overtime period - Maxime Macenauer wins face-off versus Daniel Zaar in Comets zone.
5:23 of 1st overtime period - Dan Renouf is hit by Ondrej Kase and loses puck.
6:30 of 1st overtime period - Penalty to Juuso Riikola is over, Juuso Riikola is back on ice.
6:48 of 1st overtime period - Slapshot by Jonny Brodzinski.
6:48 of 1st overtime period - Shot Misses the Net.
6:50 of 1st overtime period - Snap shot by Jonny Brodzinski.
6:50 of 1st overtime period - Deflect By Mason Marchment.
6:50 of 1st overtime period - Shot Blocked by Phil Di Giuseppe.
6:50 of 1st overtime period - Puck is out of play.
6:51 of 1st overtime period - Conor Garland wins face-off versus Nicolas Petan in Comets zone.
6:54 of 1st overtime period - Wrist shot by Brett Seney.
6:54 of 1st overtime period - Stopped by Thatcher Demko with a rebound.
6:56 of 1st overtime period - Slapshot by Brett Seney.
6:56 of 1st overtime period - Deflect By Reid Boucher.
6:56 of 1st overtime period - Shot Misses the Net.
6:56 of 1st overtime period - Puck is out of play.
6:57 of 1st overtime period - Reid Boucher wins face-off versus Nicolas Petan in Comets zone.
7:24 of 1st overtime period - Snap shot by Ondrej Kase.
7:24 of 1st overtime period - Stopped by Thatcher Demko without a rebound.
7:25 of 1st overtime period - Andrej Nestrasil wins face-off versus Maxime Macenauer in Comets zone.
7:25 of 1st overtime period - Andrej Nestrasil is hit by Ondrej Kase.
7:51 of 1st overtime period - Alan Quine is hit by Jean-Sebastien Dea and loses puck.
7:58 of 1st overtime period - Snap shot by Denis Gurianov.
7:58 of 1st overtime period - Stopped by Juuse Saros with a rebound.
8:00 of 1st overtime period - Slapshot by Dan Renouf.
8:00 of 1st overtime period - Shot Misses the Net.
8:38 of 1st overtime period - Slapshot by Brett Seney.
8:38 of 1st overtime period - Shot Blocked by Curtis Lazar.
9:04 of 1st overtime period - Snap shot by Jonny Brodzinski.
9:04 of 1st overtime period - Shot Blocked by Adam Ollas-Mattsson.
9:06 of 1st overtime period - Snap shot by Eeli Tolvanen.
9:06 of 1st overtime period - Stopped by Thatcher Demko with a rebound.
10:21 of 1st overtime period - Snap shot by Ondrej Kase.
10:21 of 1st overtime period - Shot Misses the Net.
10:23 of 1st overtime period - Slapshot by Valeri Nichushkin.
10:23 of 1st overtime period - Stopped by Thatcher Demko with a rebound.
10:25 of 1st overtime period - Slapshot by Valeri Nichushkin.
10:25 of 1st overtime period - Stopped by Thatcher Demko with a rebound.
10:27 of 1st overtime period - Slapshot by Robbie Russo.
10:27 of 1st overtime period - Stopped by Thatcher Demko with a rebound.
11:19 of 1st overtime period - Snap shot by Maxime Macenauer.
11:19 of 1st overtime period - Shot Blocked by Ryan Lomberg.
11:21 of 1st overtime period - Slapshot by Wyatt Kalynuk.
11:21 of 1st overtime period - Stopped by Thatcher Demko with a rebound.
11:52 of 1st overtime period - Off-side.
11:53 of 1st overtime period - Jean-Sebastien Dea wins face-off versus Jonny Brodzinski in neutral zone.
12:42 of 1st overtime period - Alan Quine is hit by Curtis Lazar.
13:24 of 1st overtime period - Snap shot by Maxime Macenauer.
13:24 of 1st overtime period - Shot Misses the Net.
13:26 of 1st overtime period - Wrist shot by Ondrej Kase.
13:26 of 1st overtime period - Deflect By Valeri Nichushkin.
13:26 of 1st overtime period - Shot Blocked by Dan Renouf.
13:26 of 1st overtime period - Puck is out of play.
13:27 of 1st overtime period - Maxime Macenauer wins face-off versus Andrej Nestrasil in Comets zone.
13:52 of 1st overtime period - Maxime Macenauer is hit by Teemu Pulkkinen and loses puck.
13:59 of 1st overtime period - Slapshot by Teemu Pulkkinen.
13:59 of 1st overtime period - Shot Misses the Net.
14:15 of 1st overtime period - Miikka Salomaki is hit by Juuso Riikola and loses puck.
14:30 of 1st overtime period - Minor Penalty to Dalton Thrower for Roughing.
14:31 of 1st overtime period - Teemu Hartikainen wins face-off versus Maxime Macenauer in Devils zone.
14:56 of 1st overtime period - Darren Dietz is hit by Jonas Brodin and loses puck.
15:03 of 1st overtime period - Wrist shot by Ryan Lomberg.
15:03 of 1st overtime period - Deflect By Miikka Salomaki.
15:03 of 1st overtime period - Stopped by Juuse Saros without a rebound.
15:04 of 1st overtime period - Andrej Nestrasil wins face-off versus Maxime Macenauer in Devils zone.
15:07 of 1st overtime period - Snap shot by Teemu Hartikainen.
15:07 of 1st overtime period - Shot Misses the Net.
15:09 of 1st overtime period - Wrist shot by Juuso Riikola.
15:09 of 1st overtime period - Stopped by Juuse Saros with a rebound.
15:11 of 1st overtime period - Snap shot by Dan Renouf.
15:11 of 1st overtime period - Stopped by Juuse Saros with a rebound.
15:13 of 1st overtime period - Snap shot by Teemu Hartikainen.
15:13 of 1st overtime period - Stopped by Juuse Saros without a rebound.
15:14 of 1st overtime period - Maxime Macenauer wins face-off versus Andrej Nestrasil in Devils zone.
15:33 of 1st overtime period - Snap shot by Nicolas Petan.
15:33 of 1st overtime period - Shot Misses the Net.
16:30 of 1st overtime period - Penalty to Dalton Thrower is over, Dalton Thrower is back on ice.
16:37 of 1st overtime period - Dalton Thrower is hit by Teemu Hartikainen and loses puck.
16:56 of 1st overtime period - Snap shot by Jonny Brodzinski.
16:56 of 1st overtime period - Shot Misses the Net.
16:58 of 1st overtime period - Slapshot by Jake Bean.
16:58 of 1st overtime period - Shot Blocked by Gustav Lindstrom.
16:58 of 1st overtime period - Gustav Lindstrom from Comets is injured at 16:58 of 1st overtime period (Broken Bone (Left Ankle)).
16:59 of 1st overtime period - Maxime Macenauer wins face-off versus Andrej Nestrasil in Comets zone.
17:31 of 1st overtime period - Wrist shot by Alan Quine.
17:31 of 1st overtime period - Stopped by Thatcher Demko with a rebound.
17:33 of 1st overtime period - Slapshot by Darren Dietz.
17:33 of 1st overtime period - Shot Blocked by Juuso Riikola.
17:35 of 1st overtime period - Slapshot by Damon Severson.
17:35 of 1st overtime period - Deflect By Miikka Salomaki.
17:35 of 1st overtime period - Shot Misses the Net.
17:35 of 1st overtime period - Puck is out of play.
17:36 of 1st overtime period - Maxime Macenauer wins face-off versus Andrej Nestrasil in Comets zone.
17:39 of 1st overtime period - Snap shot by Ondrej Kase.
17:39 of 1st overtime period - Stopped by Thatcher Demko without a rebound.
17:40 of 1st overtime period - Maxime Macenauer wins face-off versus Andrej Nestrasil in Comets zone.
17:41 of 1st overtime period - Snap shot by Ondrej Kase.
17:41 of 1st overtime period - Stopped by Thatcher Demko without a rebound.
17:42 of 1st overtime period - Andrej Nestrasil wins face-off versus Maxime Macenauer in Comets zone.
18:13 of 1st overtime period - Snap shot by Joonas Donskoi.
18:13 of 1st overtime period - Stopped by Thatcher Demko without a rebound.
18:14 of 1st overtime period - Alan Quine wins face-off versus Andrej Nestrasil in Comets zone.
18:23 of 1st overtime period - Alan Quine is hit by Daniel Zaar and loses puck.
18:49 of 1st overtime period - Ryan Lomberg is hit by Valeri Nichushkin and loses puck.
19:08 of 1st overtime period - Wrist shot by Dalton Thrower.
19:08 of 1st overtime period - Stopped by Thatcher Demko without a rebound.
19:09 of 1st overtime period - Maxime Macenauer wins face-off versus Teemu Hartikainen in Comets zone.
19:10 of 1st overtime period - Snap shot by Ondrej Kase.
19:10 of 1st overtime period - Shot Misses the Net.
19:12 of 1st overtime period - Slapshot by Dalton Thrower.
19:12 of 1st overtime period - Stopped by Thatcher Demko without a rebound.
19:13 of 1st overtime period - Maxime Macenauer wins face-off versus Andrej Nestrasil in Comets zone.
Goals for this period are 0 for Comets vs 0 for Devils.
Shots for this period are 5 for Comets vs 17 for Devils.
Overtime #2
0:01 of 2nd overtime period - Maxime Macenauer wins face-off versus Andrej Nestrasil in neutral zone.
0:03 of 2nd overtime period - Off-side.
0:04 of 2nd overtime period - Andrej Nestrasil wins face-off versus Maxime Macenauer in neutral zone.
0:18 of 2nd overtime period - Minor Penalty to Jonas Brodin for Hooking.
0:19 of 2nd overtime period - Maxime Macenauer wins face-off versus Daniel Zaar in Comets zone.
1:45 of 2nd overtime period - Tony DeAngelo is hit by Ondrej Kase and loses puck.
2:18 of 2nd overtime period - Penalty to Jonas Brodin is over, Jonas Brodin is back on ice.
2:37 of 2nd overtime period - Wrist shot by Jonny Brodzinski.
2:37 of 2nd overtime period - Stopped by Thatcher Demko with a rebound.
2:39 of 2nd overtime period - Wrist shot by Jonny Brodzinski.
2:39 of 2nd overtime period - Goal by Jonny Brodzinski - Comets : 3 - Devils : 4.
Goals for this period are 0 for Comets vs 1 for Devils.
Shots for this period are 0 for Comets vs 2 for Devils.